 Dungeon Crawl Stone Soup version 0.21.1-1-g345015f (webtiles) character file.

3443 Mgcat the Martial Artist (level 10, -5/81 HPs)
             Began as a Gnoll Transmuter on Mar 21, 2018.
             Was an Initiate of Ru.
             Slain by a bullfrog (8 damage)
             ... on level 9 of the Dungeon.
             The game lasted 00:25:05 (5037 turns).

Mgcat the Martial Artist (Gnoll Transmuter)         Turns: 5037, Time: 00:25:06

Health: -5/81      AC:  2    Str: 15    XL:     10   Next: 5%
Magic:  20/20      EV: 26    Int: 17    God:    Ru [......]
Gold:   253        SH:  0    Dex: 20    Spells: 8/23 levels left

rFire    . . .     SeeInvis .     - Unarmed
rCold    . . .     Gourm    .   (shield currently unavailable)
rNeg     + . .     Faith    .   (armour currently unavailable)
rPois    x         Spirit   .   (helmet currently unavailable)
rElec    .         Reflect  .   (cloak currently unavailable)
rCorr    .         Harm     .   (gloves currently unavailable)
MR       +....                  (boots currently unavailable)
Stlth    ++........             n - amulet of magic regeneration
HPRegen  0.23/turn              f - ring of loudness (curse) {Stlth-}
MPRegen  0.42/turn              u - ring of positive energy {rN+}

@: spider-form, flying
A: tiny, distributed training, magic resistance 1, robust 1, wild magic 1,
strong nose
a: End Transformation, Renounce Religion


You were on level 9 of the Dungeon.
You worshipped Ru.
Ru was noncommittal.
You were not hungry.
You were a venomous arachnid creature.
You visited 2 branches of the dungeon, and saw 10 of its levels.
You also visited: Ossuary.

You collected 253 gold pieces.

Inventory:

Hand Weapons
 i - a +3 dagger of speed
   (You found it on level 2 of the Dungeon)
 r - the +7 quarterstaff "Vyogroap" (melded) {vamp, *Noise +Rage MP+9 Int+8}
   (You found it on level 5 of the Dungeon)

   It inflicts no extra harm, but heals its wielder when it wounds a living foe.
   It affects your intelligence (+8).
   It affects your magic capacity (+9).
   It lets you go berserk.
   It may make noises in combat.
Missiles
 a - 38 arrows
Armour
 b - a +0 robe (melded)
 j - a +0 pair of gloves (melded)
   (You found it on level 2 of the Dungeon)
 s - a +0 cloak (melded)
   (You found it on level 6 of the Dungeon)
Jewellery
 f - a cursed ring of loudness (left front leg) {Stlth-}
   (You found it on level 5 of the Dungeon)
 h - an uncursed amulet of harm
   (You found it on level 7 of the Dungeon)
 n - an amulet of magic regeneration (around neck)
   (You found it on level 3 of the Dungeon)
 u - a ring of positive energy (right front leg) {rN+}
   (You found it on level 9 of the Dungeon)
Wands
 k - a wand of disintegration (17)
   (You found it on level 5 of the Dungeon)
 l - a wand of polymorph (8)
   (You found it on level 3 of the Dungeon)
Scrolls
 e - a scroll of fog
 g - 3 scrolls of identify
 m - a scroll of magic mapping {!r}
 o - a scroll of fear
 p - a scroll of teleportation
Books
 c - a book of Changes
 q - a book of Geomancy
   (You found it on level 5 of the Dungeon)
Comestibles
 d - 9 rations
 t - 3 chunks of flesh {@w0}


   Skills:
 + Level 5.5 Fighting
 + Level 4.8 Short Blades
 + Level 4.8 Long Blades
 + Level 4.8 Axes
 + Level 4.8 Maces & Flails
 + Level 4.8 Polearms
 + Level 4.8 Staves
 + Level 4.8 Slings
 + Level 4.8 Bows
 + Level 4.8 Crossbows
 + Level 4.8 Throwing
 + Level 4.8 Armour
 + Level 6.7 Dodging
 + Level 4.8 Stealth
 + Level 4.8 Shields
 + Level 8.2 Unarmed Combat
 + Level 7.0 Spellcasting
 + Level 3.9 Conjurations
 + Level 3.9 Hexes
 + Level 3.9 Charms
 + Level 3.9 Summonings
 + Level 3.9 Necromancy
 + Level 3.9 Translocations
 + Level 5.5 Transmutations
 + Level 3.9 Fire Magic
 + Level 3.9 Ice Magic
 + Level 3.9 Air Magic
 + Level 3.9 Earth Magic
 + Level 3.9 Poison Magic
 + Level 5.2 Invocations
 + Level 4.8 Evocations


You had 8 spell levels left.
You knew the following spells:

 Your Spells              Type           Power        Failure   Level  Hunger
a - Beastly Appendage     Tmut           ####..       9%          1    None
b - Sticks to Snakes      Tmut           ####....     12%         2    None
c - Spider Form           Tmut/Pois      ####......   21%         3    ##.....
d - Ice Form              Ice/Tmut       ####....     43%         4    ####...
e - Blade Hands           Tmut           ####......   63%         5    #####..


Dungeon Overview and Level Annotations

Branches:
Dungeon (9/15)             Temple (1/1) D:6
   Lair: D:8-11         Orc: D:9-12

Altars:
Ashenzari
Cheibriados
Dithmenos
Fedhas
Gozag
Hepliaklqana
Okawaru
Qazlal
Ru
Sif Muna
Trog
Vehumet
Wu Jian
Yredelemnul
Zin


Innate Abilities, Weirdness & Mutations

Your experience applies equally to all skills.
((You have very sharp teeth.))
Your uncanny sense of smell can sniff out nearby items.
You are resistant to hostile enchantments. (MR+)
You are robust. (+10% HP)
Your spells are a little harder to cast, but a little more powerful.


Message History

Your +0 robe unmelds from your body.
You feel a dreadful hunger.
Magic restored.
A hippogriff comes into view.
Casting: Spider Form
Confirm with . or Enter, or press ? or * to list all spells.
You turn into a venomous arachnid creature.
The +7 quarterstaff "Vyogroap" {vamp, *Noise +Rage MP+9 Int+8} melds into your body.
Your +0 cloak melds into your body.
Your +0 pair of gloves melds into your body.
Your +0 robe melds into your body.
You feel the dreadful sensation subside.
You hear a distant blaring wail to the west.
You hear a shout! x4
Something shouts, "Capitulate, thou errant kobold-kissing crab-lanthorn!"
A black bear comes into view.
A bullfrog comes into view.
An ogre comes into view. It is wielding a giant club.
The bullfrog gives a loud, deep croak!
You hit the ogre.
The ogre is poisoned.
The ogre is lightly wounded.
The ogre completely misses you.
You hit the ogre.
The ogre looks as sick as possible!
The ogre is lightly wounded.
The ogre hits you with a giant club!
You hit the ogre.
The ogre is heavily wounded.
The bullfrog completely misses you.
The bullfrog hits you but does no damage.
An orc warrior comes into view. It is wielding a hand axe.
The orc warrior shouts!
You hear a shout! x2
The bullfrog closely misses you.
Your life force feels restored.
You have reached level 10!
You feel a bit more experienced. The bullfrog completely misses you.
An orc comes into view.
It is wielding an enchanted short sword.
You hit the bullfrog.
The bullfrog is poisoned.
The bullfrog is lightly wounded.
The bullfrog misses you.
The bullfrog completely misses you. 2 orcs come into view.
An orc is wielding a mace of crushing.
The orc shouts!
You hit the bullfrog.
The bullfrog is moderately wounded.
The bullfrog hits you.
* * * LOW HITPOINT WARNING * * *
You bite the bullfrog!
The bullfrog looks as sick as possible!
The bullfrog is severely wounded.
The bullfrog misses you.
An orc comes into view. It is wielding a dagger.
The orc shouts!
You hit the bullfrog.
You kill the bullfrog!
Your Spellcasting skill increases to level 7!
You bite the orc warrior!
The orc warrior is moderately wounded.
The orc warrior hits you with a hand axe.
* * * LOW HITPOINT WARNING * * *
You hit the orc warrior but do no damage.
The orc warrior is poisoned.
The orc warrior is moderately wounded.
You hit the orc warrior but do no damage.
The orc warrior looks even sicker.
The orc warrior is moderately wounded.
The orc warrior misses you.
You hit the orc warrior but do no damage.
The orc warrior looks as sick as possible!
The orc warrior is moderately wounded.
The orc warrior misses you.
There is an open door here.
You bite the orc warrior!
The orc warrior is severely wounded.
The orc warrior hits you with a hand axe!!
* * * LOW HITPOINT WARNING * * *
You hit the orc warrior but do no damage.
The orc warrior looks as sick as possible!
The orc warrior is almost dead.
The orc warrior completely misses you.
It was a potion of flight.
You feel very buoyant.
You fly up into the air.
You kill the orc warrior!
You bite the orc!
You kill the orc!
A bullfrog comes into view.
There is an open door here.
An iguana comes into view.
The bullfrog croaks.
A black bear comes into view.
The bullfrog closely misses you. The bullfrog hits you.
* * * LOW HITPOINT WARNING * * *
An orc comes into view. It is wielding an antimagic whip.
The orc shouts!
The bullfrog misses you.
The black bear growls angrily.
The bullfrog closely misses you.
You bite the orc!
You kill the orc!
The bullfrog hits you!
You die...

#.###....#..)...†)'_+
#.....#######...###'#
####..# #...# #.#
.#####..#
#...###.###..
........#
#...o.o......
####..)<#
#o.l.#..##### ##...#
##.#.##.##
⌠#.o.######o.l.#..#
.'....)sFo.h..##l##
⌠#..#######...##. #..
#...###. ..# #.#.# #.
... #.#.# #.#.# .. .#
∆


You could see an orc warrior (wandering), a black bear, a bullfrog, an iguana
and 2 orcs.

Vanquished Creatures
  Pikel (D:7)
  Psyche (D:9)
  Prince Ribbit (D:5)
  Menkaure (D:7)
  A slave (D:7)
  2 orc warriors
  5 ogres
  A centaur (D:6)
  3 bullfrogs
  2 scorpions
  The ghost of Redear the Skirmisher, a weakling HOFi (D:3)
  5 wights (D:7)
  6 killer bees (D:7)
  2 howler monkeys
  2 hounds
  An orc priest (D:9)
  2 jellies (D:7)
  2 bullfrog skeletons
  A gnoll shaman (D:4)
  A centaur skeleton (D:4)
  Jessica (D:3)
  2 orc wizards
  Natasha (thrice) (D:2)
  A worker ant (D:4)
  A big kobold zombie (Ossuary)
  2 mummies (Ossuary)
  8 gnolls
  10 adders
  An ooze (D:3)
  An adder zombie (Ossuary)
  5 worms
  3 dart slugs
  5 leopard geckos
  18 orcs
  5 giant cockroaches
  4 goblins
  4 hobgoblins
  2 jackals (D:4)
  5 quokkas
  A ball python (D:2)
  3 bats
  3 frilled lizards
  2 goblin zombies (Ossuary)
  10 hobgoblin zombies (Ossuary)
  2 jackal zombies (Ossuary)
  12 kobolds
  7 kobold zombies (Ossuary)
  7 orc zombies (Ossuary)
  7 rats
  A rat zombie (Ossuary)
177 creatures vanquished.

Vanquished Creatures (collateral kills)
  A kobold (D:2)
1 creature vanquished.

Vanquished Creatures (others)
  A sky beast (D:7)
  A big kobold (D:7)
  3 jackals (D:7)
  A quokka (D:9)
  2 kobolds (D:7)
8 creatures vanquished.

Grand Total: 186 creatures vanquished

Notes
Turn   | Place    | Note
-------+----------+-------------------------------------------
     0 | D:1      | Mgcat the Gnoll Transmuter began the quest for the Orb.
     0 | D:1      | Reached XP level 1. HP: 17/17 MP: 6/6
    74 | D:2      | Reached XP level 2. HP: 17/23 MP: 5/7
    78 | D:2      | Learned a level 2 spell: Sticks to Snakes
   114 | D:2      | Noticed Natasha
   115 | D:2      | Reached skill level 5 in Spellcasting
   115 | D:2      | Reached XP level 3. HP: 13/28 MP: 7/9
   117 | D:2      | HP: 5/28 [Natasha/magic dart (8)]
   123 | D:2      | Killed Natasha
   123 | D:2      | Reached skill level 1 in Invocations
   210 | D:2      | Reached skill level 1 in Short Blades
   210 | D:2      | Reached skill level 1 in Long Blades
   210 | D:2      | Reached skill level 1 in Axes
   210 | D:2      | Reached skill level 1 in Maces & Flails
   210 | D:2      | Reached skill level 1 in Polearms
   210 | D:2      | Reached skill level 1 in Staves
   210 | D:2      | Reached skill level 1 in Slings
   210 | D:2      | Reached skill level 1 in Bows
   210 | D:2      | Reached skill level 1 in Crossbows
   210 | D:2      | Reached skill level 1 in Throwing
   210 | D:2      | Reached skill level 1 in Armour
   210 | D:2      | Reached skill level 1 in Stealth
   210 | D:2      | Reached skill level 1 in Shields
   210 | D:2      | Reached skill level 1 in Evocations
   224 | D:2      | Reached XP level 4. HP: 15/34 MP: 8/11
   442 | D:2      | Noticed Natasha
   455 | D:2      | HP: 7/34 [Natasha/magic dart (6)]
   456 | D:2      | HP: 3/34 [Natasha (4)]
   458 | D:2      | Killed Natasha
   458 | D:2      | Reached skill level 1 in Conjurations
   458 | D:2      | Reached skill level 1 in Hexes
   458 | D:2      | Reached skill level 1 in Charms
   458 | D:2      | Reached skill level 1 in Summonings
   458 | D:2      | Reached skill level 1 in Necromancy
   458 | D:2      | Reached skill level 1 in Translocations
   458 | D:2      | Reached skill level 1 in Fire Magic
   458 | D:2      | Reached skill level 1 in Ice Magic
   458 | D:2      | Reached skill level 1 in Air Magic
   458 | D:2      | Reached skill level 1 in Earth Magic
   458 | D:2      | Reached skill level 1 in Poison Magic
   462 | D:2      | Noticed Natasha
   464 | D:2      | Gained mutation: You are partially covered in yellow scales. (AC +2) [potion of mutation]
   464 | D:2      | Gained mutation: You are weak. (Str -2) [potion of mutation]
   464 | D:2      | Gained mutation: You possess an exceptional clarity of mind. [potion of mutation]
   510 | D:2      | Killed Natasha
   510 | D:2      | Reached XP level 5. HP: 12/40 MP: 8/12
   613 | D:3      | Noticed Redear's ghost (weakling HOFi)
   874 | D:3      | Learned a level 3 spell: Spider Form
   879 | D:3      | Learned a level 4 spell: Ice Form
   886 | D:3      | Reached skill level 3 in Fighting
   912 | D:3      | Noticed Jessica
   928 | D:3      | Killed Jessica
   928 | D:3      | Reached skill level 4 in Transmutations
   938 | D:3      | Killed Redear's ghost
   938 | D:3      | Reached XP level 6. HP: 19/47 MP: 11/13
   954 | D:3      | Reached skill level 2 in Invocations
  1098 | D:4      | Reached skill level 5 in Dodging
  1148 | D:4      | Reached skill level 2 in Short Blades
  1148 | D:4      | Reached skill level 2 in Long Blades
  1148 | D:4      | Reached skill level 2 in Axes
  1148 | D:4      | Reached skill level 2 in Maces & Flails
  1148 | D:4      | Reached skill level 2 in Polearms
  1148 | D:4      | Reached skill level 2 in Staves
  1148 | D:4      | Reached skill level 2 in Slings
  1148 | D:4      | Reached skill level 2 in Bows
  1148 | D:4      | Reached skill level 2 in Crossbows
  1148 | D:4      | Reached skill level 2 in Throwing
  1148 | D:4      | Reached skill level 2 in Armour
  1148 | D:4      | Reached skill level 2 in Stealth
  1148 | D:4      | Reached skill level 2 in Shields
  1148 | D:4      | Reached skill level 2 in Evocations
  1233 | D:4      | HP: 11/47 [poisoned by an adder]
  1241 | D:4      | HP: 11/47 [poisoned by an adder]
  1257 | D:4      | HP: 10/47 [adder (2)]
  1265 | D:4      | HP: 8/47 [adder (3)]
  1266 | D:4      | Reached XP level 7. HP: 9/52 MP: 15/15
  1267 | D:4      | Lost mutation: You are weak. (Str -2) [potion of mutation]
  1267 | D:4      | Lost mutation: You possess an exceptional clarity of mind. [potion of mutation]
  1267 | D:4      | Lost mutation: You are partially covered in yellow scales. (AC +2) [potion of mutation]
  1267 | D:4      | Gained mutation: Your spells are a little harder to cast, but a little more powerful. [potion of mutation]
  1267 | D:4      | Gained mutation: You are robust. (+10% HP) [potion of mutation]
  1267 | D:4      | Gained mutation: You are resistant to hostile enchantments. (MR+) [potion of mutation]
  1270 | D:4      | HP: 5/57 [poisoned by an adder]
  1276 | D:4      | HP: 3/57 [poisoned by an adder]
  1281 | D:4      | HP: 2/57 [poisoned by an adder]
  1288 | D:4      | HP: 1/57 [poisoned by an adder]
  1296 | D:4      | HP: 1/57 [poisoned by an adder]
  1569 | D:4      | HP: 12/57 [gnoll (6)]
  1573 | D:4      | Reached skill level 7 in Unarmed Combat
  1573 | D:4      | HP: 3/57 [gnoll/spear (10)]
  1908 | D:5      | Entered Level 5 of the Dungeon
  1985 | D:5      | Noticed Prince Ribbit
  1997 | D:5      | Killed Prince Ribbit
  1997 | D:5      | Reached skill level 2 in Conjurations
  1997 | D:5      | Reached skill level 2 in Hexes
  1997 | D:5      | Reached skill level 2 in Charms
  1997 | D:5      | Reached skill level 2 in Summonings
  1997 | D:5      | Reached skill level 2 in Necromancy
  1997 | D:5      | Reached skill level 2 in Translocations
  1997 | D:5      | Reached skill level 2 in Fire Magic
  1997 | D:5      | Reached skill level 2 in Ice Magic
  1997 | D:5      | Reached skill level 2 in Air Magic
  1997 | D:5      | Reached skill level 2 in Earth Magic
  1997 | D:5      | Reached skill level 2 in Poison Magic
  1997 | D:5      | Reached skill level 3 in Invocations
  2170 | D:5      | Learned a level 5 spell: Blade Hands
  2342 | D:5      | Got an ichor-stained quarterstaff
  2345 | D:5      | Identified the +7 quarterstaff "Vyogroap" {vamp, *Noise +Rage MP+9 Int+8} (You found it on level 5 of the Dungeon)
  2358 | D:6      | Found a shadowy altar of Dithmenos.
  2388 | D:6      | Reached XP level 8. HP: 66/66 MP: 16/16
  2548 | D:6      | Reached skill level 4 in Fighting
  2548 | D:6      | Reached skill level 3 in Short Blades
  2548 | D:6      | Reached skill level 3 in Long Blades
  2548 | D:6      | Reached skill level 3 in Axes
  2548 | D:6      | Reached skill level 3 in Maces & Flails
  2548 | D:6      | Reached skill level 3 in Polearms
  2548 | D:6      | Reached skill level 3 in Staves
  2548 | D:6      | Reached skill level 3 in Slings
  2548 | D:6      | Reached skill level 3 in Bows
  2548 | D:6      | Reached skill level 3 in Crossbows
  2548 | D:6      | Reached skill level 3 in Throwing
  2548 | D:6      | Reached skill level 3 in Armour
  2548 | D:6      | Reached skill level 3 in Stealth
  2548 | D:6      | Reached skill level 3 in Shields
  2548 | D:6      | Reached skill level 3 in Evocations
  2555 | D:6      | Reached skill level 6 in Spellcasting
  2730 | D:6      | Found a sand-covered staircase.
  2737 | Ossuary  | Entered an ossuary
  2908 | Ossuary  | HP: 15/66 [centaur zombie (5)]
  2927 | Ossuary  | HP: 13/66 [centaur zombie (6)]
  2935 | Ossuary  | HP: 3/66 [centaur zombie (6)]
  3503 | D:6      | Found a staircase to the Ecumenical Temple.
  3509 | Temple   | Entered the Ecumenical Temple
  3588 | Temple   | Became a worshipper of Ru the Awakened
  3784 | D:7      | Found a bloodstained altar of Trog.
  3784 | D:7      | Noticed Menkaure
  3796 | D:7      | Killed Menkaure
  3820 | D:7      | Reached skill level 4 in Invocations
  3825 | D:7      | HP: 12/67 [wight/enchanted battleaxe (14)]
  3826 | D:7      | Reached skill level 3 in Conjurations
  3826 | D:7      | Reached skill level 3 in Hexes
  3826 | D:7      | Reached skill level 3 in Charms
  3826 | D:7      | Reached skill level 3 in Summonings
  3826 | D:7      | Reached skill level 3 in Necromancy
  3826 | D:7      | Reached skill level 3 in Translocations
  3826 | D:7      | Reached skill level 3 in Fire Magic
  3826 | D:7      | Reached skill level 3 in Ice Magic
  3826 | D:7      | Reached skill level 3 in Air Magic
  3826 | D:7      | Reached skill level 3 in Earth Magic
  3826 | D:7      | Reached skill level 3 in Poison Magic
  3832 | D:7      | Reached XP level 9. HP: 14/72 MP: 18/18
  3837 | D:7      | Reached skill level 6 in Dodging
  3897 | D:7      | Noticed Pikel
  3923 | D:7      | HP: 15/72 [Pikel/whip of flaming (9)]
  3925 | D:7      | Killed Pikel
  3925 | D:7      | Reached skill level 4 in Short Blades
  3925 | D:7      | Reached skill level 4 in Long Blades
  3925 | D:7      | Reached skill level 4 in Axes
  3925 | D:7      | Reached skill level 4 in Maces & Flails
  3925 | D:7      | Reached skill level 4 in Polearms
  3925 | D:7      | Reached skill level 4 in Staves
  3925 | D:7      | Reached skill level 4 in Slings
  3925 | D:7      | Reached skill level 4 in Bows
  3925 | D:7      | Reached skill level 4 in Crossbows
  3925 | D:7      | Reached skill level 4 in Throwing
  3925 | D:7      | Reached skill level 4 in Armour
  3925 | D:7      | Reached skill level 4 in Stealth
  3925 | D:7      | Reached skill level 4 in Shields
  3925 | D:7      | Reached skill level 5 in Transmutations
  3925 | D:7      | Reached skill level 4 in Evocations
  4501 | D:7      | Reached skill level 5 in Fighting
  4857 | D:8      | Reached skill level 8 in Unarmed Combat
  4890 | D:9      | Noticed Psyche
  4903 | D:9      | Killed Psyche
  4903 | D:9      | Reached skill level 5 in Invocations
  4940 | D:9      | Found an iron altar of Okawaru.
  5006 | D:9      | Reached XP level 10. HP: 27/81 MP: 20/20
  5013 | D:9      | Reached skill level 7 in Spellcasting
  5014 | D:9      | HP: 20/81 [orc warrior/hand axe (3)]
  5019 | D:9      | HP: 2/81 [orc warrior/hand axe (19)]
  5032 | D:9      | HP: 2/81 [bullfrog (3)]
  5037 | D:9      | Slain by a bullfrog

Skill      XL: |  1  2  3  4  5  6  7  8  9 10 |
---------------+-------------------------------+-----
Spellcasting   | 5 6 7 |  7.0
Invocations    | 1 2 3 4 5 |  5.2
Short Blades   | 1 2 3 4 |  4.8
Long Blades    | 1 2 3 4 |  4.8
Axes           | 1 2 3 4 |  4.8
Maces & Flails | 1 2 3 4 |  4.8
Polearms       | 1 2 3 4 |  4.8
Staves         | 1 2 3 4 |  4.8
Slings         | 1 2 3 4 |  4.8
Bows           | 1 2 3 4 |  4.8
Crossbows      | 1 2 3 4 |  4.8
Throwing       | 1 2 3 4 |  4.8
Armour         | 1 2 3 4 |  4.8
Stealth        | 1 2 3 4 |  4.8
Shields        | 1 2 3 4 |  4.8
Evocations     | 1 2 3 4 |  4.8
Conjurations   | 1 2 3 |  3.9
Hexes          | 1 2 3 |  3.9
Charms         | 1 2 3 |  3.9
Summonings     | 1 2 3 |  3.9
Necromancy     | 1 2 3 |  3.9
Translocations | 1 2 3 |  3.9
Fire Magic     | 1 2 3 |  3.9
Ice Magic      | 1 2 3 |  3.9
Air Magic      | 1 2 3 |  3.9
Earth Magic    | 1 2 3 |  3.9
Poison Magic   | 1 2 3 |  3.9
Fighting       | 3 4 5 |  5.5
Transmutations | 4 5 |  5.5
Dodging        | 5 6 |  6.7
Unarmed Combat | 7 8 |  8.2

Action                   |  1- 3 |  4- 6 |  7- 9 | 10-12 || total
-------------------------+-------+-------+-------+-------++-------
Melee: Unarmed           |    43 |   186 |   333 |    12 ||   574
       Bite              |     4 |    18 |       |       ||    22
       Kick              |     6 |     9 |     1 |       ||    16
       Punch             |     2 |     3 |       |       ||     5
       Headbutt          |       |     9 |     2 |       ||    11
       Dagger            |       |       |     2 |       ||     2
       Quarterstaff      |       |       |     9 |       ||     9
 Cast: Beastly Appendage |     5 |    22 |     5 |       ||    32
       Sticks to Snakes  |     1 |     1 |       |       ||     2
       Spider Form       |       |     8 |    27 |       ||    35
  Use: Potion            |       |     4 |     1 |     1 ||     6
       Scroll            |       |       |    11 |       ||    11
 Stab: Sleeping          |     1 |     3 |     1 |       ||     5
       Distracted        |       |       |     1 |       ||     1
  Eat: Chunk             |       |     2 |     8 |       ||    10
       Ration            |       |       |     3 |       ||     3
Armor: Robe              |     8 |    24 |     1 |       ||    33
       Skin              |       |     2 |     8 |       ||    10
Dodge: Dodged            |    34 |   133 |   310 |    10 ||   487

Vault maps used:
D:1:      matt_arrival_refuge, serial_forest, infiniplex_forest_fountain,
          infiniplex_forest_lined_3, infiniplex_forest_pool,
          infiniplex_forest_end_1, infiniplex_forest_end_2,
          infiniplex_forest_zigzag_1, infiniplex_forest_straight_1,
          infiniplex_forest_corner_1, infiniplex_forest_zigzag_1,
          infiniplex_forest_zigzag_1
D:2:      grunt_ministairs_15, minmay_quantized, uniq_natasha
D:3:      uniq_jessica
D:4:      first_ration
D:5:      uniq_prince_ribbit1
D:6:      minmay_temple_entry_enclosed_plants, basic_altar,
          nicolae_ossuary_entry_false_entrances
D:7:      lemuel_round_altar, uniq_menkaure, uniq_pikel
D:8:      kennysheep_little_box, grunt_ogre_cave,
          hangedman_abyss_or_decor_lesser_grid, grunt_dithmenos_shadows
D:9:      lemuel_doored_altar, eat_drink_and_be_merry_uskayaw,
          gammafunk_temple_overflow_statue, elyvilon_altar_4, uniq_psyche
Temple:   regret_index_temple_waves
Ossuary:  ossuary_tomb_1

Table legend:
 A = Turns spent in this place as a percentage of turns spent in the entire game.
 B = Non-inter-level travel turns spent in this place as a percentage of non-inter-level travel turns spent in the entire game.
 C = Inter-level travel turns spent in this place as a percentage of turns spent in this place.
 D = Turns resting spent in this place as a percentage of non-inter-level travel turns spent in this place.
 E = Turns spent auto-exploring this place as a percentage of non-inter-level travel turns spent in this place.
 F = Non-inter-level travel turns spent in this place divided by the number of levels of this place that you've seen.
                   A       B       C       D       E      F
               +-------+-------+-------+-------+-------+----------------------
         Total | 100.0 | 100.0 |   1.5 |   0.3 |  47.2 | 450.9
       Dungeon |  93.8 |  93.7 |   1.6 |   0.3 |  49.2 | 516.3
        Temple |   2.2 |   2.3 |   0.0 |   0.0 |  46.4 | 112.0
       Ossuary |   4.0 |   4.1 |   0.0 |   0.0 |   0.0 | 201.0
               +-------+-------+-------+-------+-------+----------------------

Table legend:
 A = Kills in this place as a percentage of kills in entire the game.
 B = Kills by you in this place as a percentage of kills by you in the entire game.
 C = Kills by friends in this place as a percentage of kills by friends in the entire game.
 D = Other kills in this place as a percentage of other kills in the entire game.
 E = Experience gained in this place as a percentage of experience gained in the entire game.
 F = Experience gained in this place divided by the number of levels of this place that you have seen.
                   A       B       C       D       E      F
               +-------+-------+-------+-------+-------+----------------------
         Total | 100.0 | 100.0 | 100.0 |   N/A | 100.0 | 447.2
       Dungeon |  81.4 |  81.2 | 100.0 |   N/A |  98.0 | 535.9
       Ossuary |  18.6 |  18.8 |   0.0 |   N/A |   2.0 |  96.0
               +-------+-------+-------+-------+-------+----------------------
